AoeStats
← Gullix

Arabia

505409775Analyzed
1v1 RM · 22d ago on Sep 9, 2026· 28m 34s· 2 players
Game mode
Random Map
Map size
Tiny (2 player)
Population
200
Speed
Normal
Resources
Standard
Victory
Conquest
Starting age
Dark Age
Ending age
Imperial Age
RankedLock teamsTeams togetherTeam positionsShared explorationLock speedFull tech treeHidden civsTurbo modeCheats
Victory
Defeat
🇸🇪 Turks · Sweden
932
+16
🇵🇱 Saracens · Poland
938
-16
AmadeusChörl
7:58 Loom
10:25 Feudal Age
11:07 Double-Bit Axe
11:02 Horse Collar
25:03 Castle Age
25:29 Bloodlines
25:41 Forging
25:37 Scale Barding Armor
27:05 Gold Mining
28:35 Husbandry
29:37 Wheelbarrow
Gullix
0:28 Loom
13:00 Feudal Age
14:23 Wheelbarrow
13:49 Double-Bit Axe
16:27 Fletching
22:33 Castle Age
23:22 Stone Mining
23:25 Gold Mining
23:48 Bow Saw
23:58 Bodkin Arrow
24:27 Hand Cart
26:07 Forging
Connection lost

Rejoining the realm…

Still unreachable

The connection could not be restored.

Session expired

The server has moved on; the page needs a fresh start.